 Dungeon Crawl Stone Soup version 0.31.0-11-ge490571c62 (webtiles) character file.

Game seed: 16686203198135316013

145 qw the Skirmisher (level 5, -1/29 HPs)
             Began as a Deep Elf Hunter on Feb 3, 2024.
             Slain by a rat (2 damage)
             ... on level 3 of the Dungeon.
             The game lasted 00:00:06 (1555 turns).

qw the Skirmisher (Deep Elf Hunter)                 Turns: 1555, Time: 00:00:06

Health: -1/29      AC:  9    Str: 10    XL:     5   Next: 6%
Magic:  7/7        EV:  9    Int: 14    God:
Gold:   86         SH:  0    Dex: 18    Spells: 4/4 levels left

rFire   . . .        a - +0 shortbow
rCold   . . .        (shield currently unavailable)
rNeg    . . .        j - +0 scale mail
rPois   .            e - +2 hat
rElec   .            h - scarf {repulsion}
rCorr   .            g - +0 pair of gloves
SInv    .            (no boots)
Will    .....        (no amulet)
Stlth   +            (no ring)
HPRegen 0.24/turn    (no ring)
MPRegen 0.10/turn

%: repel missiles
@: lethally poisoned (-1 -> -14)
A: no striking features
a: no special abilities


You were on level 3 of the Dungeon.
You visited 1 branch of the dungeon, and saw 3 of its levels.

You collected 86 gold pieces.


   Skills:
 - Level 1.5 Fighting
 + Level 8.4 Ranged Weapons
 - Level 2.4 Dodging
 - Level 1.2 Stealth


You had 4 spell levels left.
You didn't know any spells.
Your spell library was empty.

Inventory:

Hand Weapons
 a - a +0 shortbow (weapon)
Armour
 c - a +0 troll leather armour {Pargi}
 e - a +2 hat (worn)
 g - a +0 pair of gloves (worn)
 h - a scarf of repulsion (worn)
 j - a +0 scale mail (worn)
Jewellery
 b - a ring of willpower
Wands
 k - a wand of light (5)
 l - a wand of paralysis (8)
Potions
 d - 2 potions of curing
 f - a potion of heal wounds {unknown}
 i - a potion of might {unknown}

Dungeon Overview and Level Annotations

Branches:
Dungeon (3/15)

Altars:

Annotations:
D:2 1 runed translucent door, Crazy Yiuf


Message History

The orc is severely wounded.
A rat comes into view.
The orc hits you but does no damage.
You are poisoned.
An endoplasm comes into view.
The orc hits you but does no damage. x2
You shoot an arrow. The arrow barely misses the orc.
You feel very sick. The orc hits you with a +0 short sword.
The orc hits you but does no damage.
You are more poisoned.
The endoplasm jiggles.
You shoot an arrow.
The arrow hits the orc but does no damage.
The orc is heavily wounded.
You feel very sick. The rat bites you but does no damage.
The orc hits you with a +0 short sword. The orc barely misses you.
You shoot an arrow.
The arrow hits the orc but does no damage.
The orc is heavily wounded.
You feel very sick. The rat bites you but does no damage.
The orc hits you with a +0 short sword.
The orc hits you with a +2 dagger of venom.
The orc hits you but does no damage. The endoplasm freezes you.
You are frozen.
The orc closely misses you. The rat bites you but does no damage.
You shoot an arrow.
The arrow hits the orc but does no damage.
The orc is heavily wounded.
You feel very sick. The orc hits you but does no damage.
The orc hits you with a +2 dagger of venom.
You are lethally poisoned!
The endoplasm freezes you.
You are frozen.
The rat barely misses you.
You shoot an arrow. The arrow barely misses the orc.
You feel very sick. The rat bites you.
You die...

.........#
.........# ..
.........# .#
.. ###.#####
.<. #.......#
.... #.......##
.....#.........
......r........
......o@o......
.....#J........
... #.........
. #.......##
#########


You could see 2 orcs, an endoplasm and a rat.

Vanquished Creatures
  Pargi (D:3)
  A dart slug (D:1)
  A ribbon worm (D:1)
  6 ball pythons
  4 endoplasms
  3 giant cockroaches
  6 goblins (D:1)
  7 hobgoblins
  2 jackals (D:2)
  2 quokkas
  3 bats (D:1)
  4 frilled lizards (D:1)
  2 kobolds
  5 rats
47 creatures vanquished.

Notes
Turn   | Place    | Note
-------+----------+-------------------------------------------
     0 | D:1      | qw the Deep Elf Hunter began the quest for the Orb.
     0 | D:1      | Reached XP level 1. HP: 12/12 MP: 3/3
     0 | D:1      | 0 ||| qw: Version: 0.3-a-157-g843a77d
     0 | D:1      | 0 ||| qw: Game counter: 3657
     0 | D:1      | 0 ||| qw: Melee chars always use a shield: true
     0 | D:1      | 0 ||| qw: God list: Okawaru
     0 | D:1      | 0 ||| qw: Allow faded altars: false
     0 | D:1      | 0 ||| qw: Do Orc after clearing Dungeon:15 true
     0 | D:1      | 0 ||| qw: Do second Lair branch before Depths: true
     0 | D:1      | 0 ||| qw: Lair rune preference: random
     0 | D:1      | 0 ||| qw: Goals: Normal
     0 | D:1      | 0 ||| PLANNING D:1-11
    84 | D:1      | Reached skill level 6 in Ranged Weapons
    84 | D:1      | Reached XP level 2. HP: 16/16 MP: 4/4
   433 | D:1      | Reached XP level 3. HP: 15/20 MP: 5/5
   539 | D:1      | 539 ||| UPGRADING to +2 hat.
   544 | D:1      | 544 ||| UPGRADING to +0 pair of gloves.
   549 | D:1      | 549 ||| UPGRADING to scarf of repulsion.
   554 | D:1      | 554 ||| UPGRADING to +0 scale mail.
   564 | D:1      | 564 ||| DROPPING +0 leather armour.
   565 | D:1      | 565 ||| READING scroll labelled EBRIWK BIMINE.
   565 | D:1      | 565 ||| IDENTIFYING murky white potion
   566 | D:1      | 566 ||| DROPPING scroll of butterflies.
   581 | D:2      | 581 ||| STAIRDANCE
   912 | D:2      | Reached skill level 7 in Ranged Weapons
  1043 | D:2      | Found a runed translucent door.
  1044 | D:2      | Noticed Crazy Yiuf
  1280 | D:2      | 1280 ||| READING scroll labelled MAIJER DAFU.
  1281 | D:2      | 1281 ||| READING scroll labelled BETHIO QISIPN.
  1317 | D:2      | 1317 ||| READING scroll labelled KYTOJER KIUF.
  1318 | D:2      | 1318 ||| READING scroll labelled GARGHI TEMISCH.
  1382 | D:3      | Noticed Pargi
  1383 | D:3      | 1383 ||| ZAPPING wand of paralysis (11) at 7,0 (Pargi;
                  | floor).
  1391 | D:3      | 1391 ||| ZAPPING wand of paralysis (10) at 5,0 (Pargi;
                  | floor).
  1397 | D:3      | 1397 ||| ZAPPING wand of paralysis (9) at 4,0 (Pargi;
                  | floor).
  1403 | D:3      | Killed Pargi
  1404 | D:3      | Reached skill level 8 in Ranged Weapons
  1404 | D:3      | Reached XP level 4. HP: 25/25 MP: 6/6
  1404 | D:3      | Reached XP level 5. HP: 29/29 MP: 7/7
  1554 | D:3      | HP: 4/29 [frozen (4)]
  1555 | D:3      | HP: 1/29 [poisoned by an orc]
  1555 | D:3      | Slain by a rat

Levels and vault maps discovered:
D:1:      tarquinn_simple_flora_water_c, layout_rooms, serial_rivers,
          chequers_serial_rivers_micro_d, chequers_serial_rivers_micro_d,
          chequers_serial_rivers_room_a, chequers_serial_rivers_micro_c,
          chequers_serial_rivers_micro_d, chequers_serial_rivers_micro_e,
          chequers_decorated_corner
D:2:      layout_basic, uniq_crazy_yiuf_cottage
D:3:      layout_rooms, marbit_many_paths, uniq_pargi, uniq_grinder

Skill      XL: |  1  2  3 |
---------------+----------+-----
Ranged Weapons | 6 8 |  8.4
Fighting       | |  1.5
Dodging        | |  2.4
Stealth        | |  1.2

Action                     |  1- 3 |  4- 6 || total
---------------------------+-------+-------++-------
   Fire: Shortbow          |   121 |    22 ||   143
  Evoke: Wand              |     3 |       ||     3
    Use: Scroll            |     5 |       ||     5
 Armour: Leather armour    |     5 |       ||     5
         Scale mail        |    11 |    25 ||    36
  Dodge: Dodged            |    17 |     9 ||    26
         Repelled          |     2 |       ||     2

Table legend:
 A = Non-vault XP
 B = Vault XP
 C = Vault XP percentage of total XP
 D = Non-vault monster count
 E = Vault monster count
 F = Vault count percentage of total count
                 A         B        C        D         E       F
            +---------+---------+-------+---------+---------+-------
      Total |      80 |     128 |  61.5 |      46 |       1 |   2.1
            +---------+---------+-------+---------+---------+-------
        D:1 |      47 |       0 |   0.0 |      28 |       0 |   0.0
        D:2 |      22 |       0 |   0.0 |      12 |       0 |   0.0
        D:3 |      11 |     128 |  92.1 |       6 |       1 |  14.3
            +---------+---------+-------+---------+---------+-------
